 Dungeon Crawl Stone Soup version 0.25.1-2-g60ff931df9 (webtiles) character file.

Game seed: 7487629849047448744

106 Martska the Poker (level 4, -1/44 HPs)
             Began as a Naga Warper on Oct 11, 2020.
             Succumbed to an orc wizard's poison
             ... on level 3 of the Dungeon.
             The game lasted 00:04:50 (2877 turns).

Martska the Poker (Naga Warper)                     Turns: 2877, Time: 00:04:50

Health: -1/44      AC:  2    Str: 14    XL:     4   Next: 84%
Magic:  7/7        EV:  9    Int: 13    God:
Gold:   42         SH:  0    Dex: 11    Spells: 7/7 levels left

rFire    + . .     SeeInvis +   a - +0 spear
rCold    . . .     Gourm    .   (no shield)
rNeg     . . .     Faith    .   b - +0 leather armour
rPois    +         Spirit   .   (no helmet)
rElec    .         Reflect  .   (no cloak)
rCorr    .         Harm     .   (no gloves)
MR       .....                  (no barding)
Stlth    +.........             (no amulet)
HPRegen  0.14/turn              j - ring of protection from fire
MPRegen  0.10/turn              (no ring)

@: mighty, lethally poisoned (-1 -> -41), stab, very slow
A: large, see invisible, deformed body, poison resistance, slowness 2, slow
metabolism 1, spit poison 1, AC +1
a: Spit Poison


You were on level 3 of the Dungeon.
You were not hungry.

You visited 1 branch of the dungeon, and saw 3 of its levels.

You collected 42 gold pieces.

Inventory:

Hand Weapons
 a - a +0 spear (weapon)
Missiles
 e - 5 boomerangs of dispersal (quivered)
 k - 4 boomerangs
Armour
 b - a +0 leather armour (worn)
Jewellery
 j - a ring of protection from fire (left hand)
Scrolls
 c - a scroll of magic mapping {unknown}
 d - a scroll of blinking
 g - 2 scrolls of teleportation {unknown}
 h - a scroll of enchant weapon {unknown}
 i - a scroll of remove curse {unknown}
 l - 3 scrolls of identify {unknown}
 m - a scroll of enchant armour {unknown}
Potions
 n - a potion of might
Comestibles
 f - 4 rations


   Skills:
 * Level 3.6 Fighting
 * Level 3.7 Polearms
 - Level 0.8 Throwing
 - Level 0.7 Armour
 - Level 1.5 Dodging
 - Level 2.0 Spellcasting
   Level 3.0 Translocations


You had 7 spell levels left.
You didn't know any spells.
Your spell library contained the following spells:

 Spells                   Type           Power        Failure   Level  Hunger
 Blink                    Tloc           N/A          14%         2    ###....
 Shroud of Golubria       Chrm/Tloc      #.....       26%         2    ###....
 Gell's Gravitas          Tloc           #.........   28%         3    ####...
 Lesser Beckoning         Tloc           #.........   28%         3    ####...
 Teleport Other           Tloc           #.......     28%         3    ####...
 Passage of Golubria      Tloc           N/A          67%         4    #####..


Dungeon Overview and Level Annotations

Branches:
Dungeon (3/15)

Altars:
Makhleb
Uskayaw


Innate Abilities, Weirdness & Mutations

You cannot wear boots.
Your serpentine skin is tough. (AC +1)
You have supernaturally acute eyesight. (SInv)
Armour fits poorly on your strangely shaped body.
Your system is resistant to poisons. (rPois)
You cover ground very slowly.
You have a slow metabolism.
You can spit poison.


Message History

* * * LOW HITPOINT WARNING * * *
It was a potion of stabbing.
You feel ready to backstab.
* * * LOW HITPOINT WARNING * * *
You feel sick.
The orc wizard hits you but does no damage.
You are more poisoned.
You puncture the orc wizard!
The orc wizard is severely wounded.
* * * LOW HITPOINT WARNING * * *
You feel sick.
The orc wizard hits you but does no damage.
You are more poisoned.
The orc wizard hits you but does no damage.
You are more poisoned.
You hit the orc wizard.
You kill the orc wizard!
* * * LOW HITPOINT WARNING * * *
You feel very sick.
You die...

# ... ....#
......######
........[.@#
...#..####<#
#. #?.....#
.. #..#####
.. #..# ..
#..# . #..#
#... #.##


There were no monsters in sight!

Vanquished Creatures
  An orc wizard (D:3)
  An ooze (D:1)
  2 worms (D:2)
  2 dart slugs (D:1)
  3 leopard geckos
  4 orcs
  4 ball pythons
  4 giant cockroaches
  3 goblins
  6 hobgoblins
  3 jackals
  A quokka (D:3)
  8 bats
  A frilled lizard (D:2)
  6 kobolds
  6 rats
55 creatures vanquished.

Notes
Turn   | Place    | Note
-------+----------+-------------------------------------------
     0 | D:1      | Martska the Naga Warper began the quest for the Orb.
     0 | D:1      | Reached XP level 1. HP: 19/19 MP: 3/3
   448 | D:1      | Reached XP level 2. HP: 22/27 MP: 5/5
   804 | D:1      | Reached XP level 3. HP: 26/33 MP: 6/6
  1920 | D:2      | Reached XP level 4. HP: 34/42 MP: 7/7
  2010 | D:2      | Found a hide-covered altar of Uskayaw.
  2012 | D:2      | Noticed a +0 hand axe
  2012 | D:2      | Noticed a +0 dagger
  2041 | D:2      | Found a burning altar of Makhleb.
  2877 | D:3      | Succumbed to an orc wizard's poison

Illustrated notes

Levels and vault maps discovered:
D:1:      psy_arrival_terrarium, layout_rooms, minmay_tree_intersection,
          nrook_mini_vaults, minmay_indecisive_spiral
D:2:      layout_loops_ring, lightli_temple_of_fire, dancing_weapons_uskayaw,
          first_ration, minmay_vboxes
D:3:      layout_loops_ring, tso_altar, lemuel_doored_altar, led_sif_book,
          minmay_misc_feat_hallway, hex_large

Skill      XL: |  1  2  3 |
---------------+----------+-----
Fighting       | 3 |  3.6
Polearms       | 3 |  3.7
Throwing       | |  0.8
Armour         | |  0.7
Dodging        | |  1.5
Spellcasting   | |  2.0
Translocations | |  3.0

Action                   |  1- 3 |  4- 6 || total
-------------------------+-------+-------++-------
Melee: Spear             |   161 |    71 ||   232
 Abil: Spit Poison       |    11 |     3 ||    14
  Use: Potion            |       |     2 ||     2
 Stab: Sleeping          |       |     1 ||     1
  Eat: Chunk             |     3 |     2 ||     5
Armor: Leather armour    |    40 |    10 ||    50
Dodge: Dodged            |    78 |    32 ||   110
